 Dungeon Crawl Stone Soup version 0.30-a0-756-gc2185399d4 (webtiles) character file.

Game seed: 9278778966539582201

97 epen the Chopper (level 4, -11/34 HPs)
             Began as a Gnoll Wanderer on Feb 9, 2023.
             Killed by divine providence
             ... invoked by an orc priest
              (13 damage)
             ... on level 3 of the Dungeon.
             The game lasted 00:03:15 (1945 turns).

epen the Chopper (Gnoll Wanderer)                   Turns: 1945, Time: 00:03:15

Health: -11/34     AC:  5    Str: 11    XL:     4   Next: 68%
Magic:  8/8        EV: 11    Int: 11    God:
Gold:   108        SH:  0    Dex: 14    Spells: 9/9 levels left

rFire   . . .      SeeInvis .    g - +2 longbow (flame)
rCold   . . .      Faith    .    (shield currently unavailable)
rNeg    . . .      Spirit   .    e - +0 leather armour
rPois   .          Reflect  .    (no helmet)
rElec   .          Harm     .    o - +1 cloak
rCorr   .          Rampage  .    (no gloves)
Will    .....                    (no boots)
Stlth   ++                       (no amulet)
HPRegen 0.25/turn                (no ring)
MPRegen 0.11/turn                (no ring)

@: no status effects
A: fangs 1, strong nose, distributed training
a: no special abilities


You were on level 3 of the Dungeon.
You visited 1 branch of the dungeon, and saw 3 of its levels.

You collected 108 gold pieces.

Inventory:

Hand Weapons
 a - a +2 short sword
 b - a +0 hand axe
 g - a +2 longbow of flaming (weapon)
Armour
 e - a +0 leather armour (worn)
 j - a +0 cloak
 l - a scarf of repulsion
 o - a +1 cloak (worn)
Jewellery
 p - a ring of ice
Wands
 r - a wand of flame (15)
Scrolls
 d - 3 scrolls of teleportation
 h - a scroll of magic mapping {unknown}
 m - a scroll of blinking {unknown}
Potions
 f - 3 potions of brilliance {unknown}
 i - a potion of degeneration {unknown}
 k - a potion of haste {unknown}
 n - a potion of mutation {unknown}
 q - 2 potions of berserk rage
 s - a potion of might {unknown}
Miscellaneous
 c - a piece from Xom's chessboard (15/15)


   Skills:
 + Level 2.8 Fighting
 + Level 4.7 Short Blades
 + Level 1.2 Long Blades
 + Level 6.6 Axes
 + Level 1.2 Maces & Flails
 + Level 1.2 Polearms
 + Level 1.2 Staves
 + Level 1.2 Ranged Weapons
 + Level 1.2 Throwing
 + Level 2.8 Armour
 + Level 1.2 Dodging
 + Level 1.2 Stealth
 + Level 1.2 Shields
 + Level 1.2 Unarmed Combat
 + Level 3.0 Spellcasting
 + Level 1.0 Conjurations
 + Level 1.0 Hexes
 + Level 1.0 Summonings
 + Level 1.0 Necromancy
 + Level 1.0 Translocations
 + Level 1.0 Transmutations
 + Level 1.0 Fire Magic
 + Level 1.0 Ice Magic
 + Level 1.0 Air Magic
 + Level 1.0 Earth Magic
 + Level 1.0 Poison Magic
 + Level 1.4 Invocations
 + Level 4.7 Evocations


You had 9 spell levels left.
You didn't know any spells.
Your spell library contained the following spells:

 Spells                   Type           Power      Damage    Failure   Level
 Kindle Blastsparks       Fire/Tloc/Air  8%         2d10      54%         3
 Fulminant Prism          Conj/Hex       2%         3d5       91%         4
 Iskenderun's Mystic Bla  Conj/Tloc      4%         2d3       91%         4
 Lee's Rapid Deconstruct  Erth           2%         3d4*      99%         5


Dungeon Overview and Level Annotations

Branches:
Dungeon (3/15)

Altars:
Vehumet

Shops:
D:2 =

Annotations:
D:3 Grinder


Innate Abilities, Weirdness & Mutations

You have very sharp teeth.
Your uncanny sense of smell can sniff out nearby items.
Your experience applies equally to all skills.


Message History

You shoot an arrow. The arrow barely misses the orc wizard.
The arrow closely misses the orc priest.
You hear a shout!
The orc wizard gestures at you while chanting.
The puff of flame hits you.
An orc comes into view.
It is wielding a +0 trident and wearing a +2 leather armour of cold resistance.
The orc wizard points at you and mumbles some strange words.
You resist with some effort.
You shoot an arrow.
The arrow closely misses the orc wizard.
The arrow hits the orc priest!
The arrow burns the orc priest.
The orc priest is almost dead.
You hear an angry hiss.
The orc priest invokes the aid of Beogh against you.
Beogh smites you!
The orc throws a boomerang.
The boomerang hits you but does no damage.
You are too injured to fight recklessly!
Fire: g) +2 longbow (flame)
Press: ? - help, Shift-Dir - straight line, f/p - orc wizard
Aim: an orc wizard, wielding a +0 dagger and wearing a +0 robe (51% to hit)
You shoot an arrow. The arrow barely misses the orc wizard.
The arrow hits the orc.
The arrow burns the orc.
The orc is moderately wounded.
The orc priest calls upon Beogh to heal the orc.
The orc's wounds heal themselves!
Fire: g) +2 longbow (flame)
Press: ? - help, Shift-Dir - straight line, f/p - orc wizard
Aim: an orc wizard, wielding a +0 dagger and wearing a +0 robe (51% to hit)
You shoot an arrow. The arrow hits the orc wizard!
The arrow burns the orc wizard.
You kill the orc wizard!
The orc throws a boomerang.
The boomerang hits you. The orc barely misses you.
The orc priest mumbles some strange prayers to Beogh against you.
Beogh smites you!
* * * LOW HITPOINT WARNING * * *
The orc hits you from afar with a +0 trident.
* * * LOW HITPOINT WARNING * * *
The orc priest invokes the aid of Beogh against you.
Beogh smites you!
You die...

......... .......).
......... # .......o#
..#... ........##
#.#..######
.......o.###..........
...$...o.....#....P.PPPP
#@###.##....P.....
#...........P.P...
###...#.....P.P._.
#.........P.P...
#....#....P.....
#.#..##...P.PPPP
..######.#..####.......
#........#..## ##..###.
######.##...# #.###..


You could see an orc priest and 2 orcs.

Vanquished Creatures
  An orc wizard (D:3)
  A gnoll (D:1)
  2 adders (D:2)
  2 worms
  3 dart slugs (D:1)
  An orc (D:3)
  8 endoplasms
  A giant cockroach (D:1)
  3 goblins
  8 hobgoblins
  8 kobolds
  3 quokkas
  A ball python (D:1)
  4 bats
  4 frilled lizards (D:2)
  5 rats
55 creatures vanquished.

Vanquished Creatures (others)
  2 plants (D:1)
2 creatures vanquished.

Grand Total: 57 creatures vanquished

Notes
Turn   | Place    | Note
-------+----------+-------------------------------------------
     0 | D:1      | epen the Gnoll Wanderer began the quest for the Orb.
     0 | D:1      | epen set off with the following items: a +2 short sword, a
                  | +0 hand axe, a piece from Xom's chessboard (15/15), a
                  | scroll of teleportation, a +0 leather armour.
     0 | D:1      | Reached XP level 1. HP: 17/17 MP: 4/4
   147 | D:1      | Reached XP level 2. HP: 10/23 MP: 5/5
   333 | D:1      | Reached XP level 3. HP: 22/28 MP: 7/7
   484 | D:1      | Found a faded altar of an unknown god.
   545 | D:1      | Reached skill level 1 in Invocations
  1164 | D:2      | Reached skill level 1 in Long Blades
  1164 | D:2      | Reached skill level 1 in Maces & Flails
  1164 | D:2      | Reached skill level 1 in Polearms
  1164 | D:2      | Reached skill level 1 in Staves
  1164 | D:2      | Reached skill level 1 in Ranged Weapons
  1164 | D:2      | Reached skill level 1 in Throwing
  1164 | D:2      | Reached skill level 1 in Dodging
  1164 | D:2      | Reached skill level 1 in Stealth
  1164 | D:2      | Reached skill level 1 in Shields
  1164 | D:2      | Reached skill level 1 in Unarmed Combat
  1326 | D:2      | Reached XP level 4. HP: 12/34 MP: 8/8
  1448 | D:2      | Found Plog's Jewellery Shop.
  1550 | D:2      | Reached skill level 1 in Conjurations
  1550 | D:2      | Reached skill level 1 in Hexes
  1550 | D:2      | Reached skill level 1 in Summonings
  1550 | D:2      | Reached skill level 1 in Necromancy
  1550 | D:2      | Reached skill level 1 in Translocations
  1550 | D:2      | Reached skill level 1 in Transmutations
  1550 | D:2      | Reached skill level 1 in Fire Magic
  1550 | D:2      | Reached skill level 1 in Ice Magic
  1550 | D:2      | Reached skill level 1 in Air Magic
  1550 | D:2      | Reached skill level 1 in Earth Magic
  1550 | D:2      | Reached skill level 1 in Poison Magic
  1801 | D:3      | Noticed Grinder
  1836 | D:3      | Identified a scroll of acquirement
  1836 | D:3      | Acquired a +2 longbow of flaming
  1879 | D:3      | Found a radiant altar of Vehumet.
  1945 | D:3      | Killed from afar by an orc priest

Illustrated notes

Levels and vault maps discovered:
D:1:      tarquinn_simple_flora_water_e, layout_basic,
          ebering_ecumenical_altar_rust, dreamdust_wishing_well,
          serial_bayou_pond_b, minmay_misc_feat_secret_circle
D:2:      layout_rooms, serial_shops, shop
D:3:      minmay_wonky_spiral, layout_rooms, tso_oasis_becter,
          mainiacjoe_overflow_cross_hatched, ashenzari_conservatory_becter,
          uniq_grinder

Skill      XL: |  1  2  3  4 |
---------------+-------------+-----
Invocations    | 1 |  1.4
Long Blades    | 1 |  1.2
Maces & Flails | 1 |  1.2
Polearms       | 1 |  1.2
Staves         | 1 |  1.2
Ranged Weapons | 1 |  1.2
Throwing       | 1 |  1.2
Dodging        | 1 |  1.2
Stealth        | 1 |  1.2
Shields        | 1 |  1.2
Unarmed Combat | 1 |  1.2
Spellcasting   | 3 |  3.0
Conjurations   | 1 |  1.0
Hexes          | 1 |  1.0
Summonings     | 1 |  1.0
Necromancy     | 1 |  1.0
Translocations | 1 |  1.0
Transmutations | 1 |  1.0
Fire Magic     | 1 |  1.0
Ice Magic      | 1 |  1.0
Air Magic      | 1 |  1.0
Earth Magic    | 1 |  1.0
Poison Magic   | 1 |  1.0
Fighting       | |  2.8
Short Blades   | |  4.7
Axes           | |  6.6
Armour         | |  2.8
Evocations     | |  4.7

Action                     |  1- 3 |  4- 6 || total
---------------------------+-------+-------++-------
  Melee: Hand axe          |   115 |    43 ||   158
         Short sword       |    13 |       ||    13
         Bite              |    12 |     6 ||    18
   Fire: Longbow           |       |    14 ||    14
    Use: Scroll            |       |     4 ||     4
   Stab: Sleeping          |       |     1 ||     1
 Armour: Leather armour    |    24 |    11 ||    35
  Dodge: Dodged            |    51 |    18 ||    69

Table legend: (Time is in decaauts)
 A = Elapsed time spent in this place.
 B = Non-inter-level travel time spent in this place.
 C = Inter-level travel time spent in this place.
 D = Time resting spent in this place.
 E = Time spent auto-exploring this place.
 F = Levels seen in this place.
 G = Mean time per level.
                   A        B        C        D        E       F      G
               +--------+--------+--------+--------+--------+-----+--------+
         Total |   1947 |   1861 |     86 |    149 |   1281 |   3 |  649.0 |
       Dungeon |   1947 |   1861 |     86 |    149 |   1281 |   3 |  649.0 |
               +--------+--------+--------+--------+--------+-----+--------+

Top non-repeatable levels by time:
     D:1: 1204 daAuts
     D:2: 604 daAuts
     D:3: 138 daAuts
